Map: Black Site 2E

Players

Yata

  • Race: Zerg Zerg
  • League: Gold
  • Spawn Location: 5:00

SHreddedWInd

  • Race: Protoss Protoss
  • League: Diamond
  • Spawn Location: 3:00

Myhome

  • Race: Terran Terran
  • League: Diamond
  • Spawn Location: 6:00

NightGamer

  • Race: Zerg Zerg
  • League: Diamond
  • Spawn Location: 11:00

Peril

  • Race: Protoss Protoss
  • Spawn Location: 9:00

llllllllllll

  • Race: Terran Terran
  • Spawn Location: 12:00

VOD

Have the link to the VOD?

Description

Time

  • Played on: Sept. 4, 2017, 9:27 p.m.
  • Length: 8:33
Show
View Real Time Build Order
Export as new Build Order

Yata Zerg 

Build Orders: Hatch First 

Get SALT Encoding   

  12  0:02  Drone  
  13  0:08  Drone  
  14  0:17  Overlord  
  14  0:36  Drone x3  
  17  0:54  Hatchery  
  17  0:57  Drone  
  17  1:02  Drone  
  18  1:10  Extractor  
  17  1:19  Drone, Spawning Pool  
  17  1:23  Drone  
  18  1:34  Drone  
  19  1:40  Overlord  
  19  1:58  Drone  
  20  2:18  Zergling x2  
  20  2:19  Zergling x6  
  20  2:22  Queen  
  25  2:44  Spore Crawler  
  22  2:47  Spine Crawler  
  22  2:49  Metabolic Boost  
  20  2:56  Zergling x12  
  20  2:57  Queen  
  18  3:11  Zergling x4  
  11  4:24  Drone x2  
  5  4:35  Drone x2  
  7  4:39  Drone x2  
  7  4:40  Drone  
  8  4:57  Spore Crawler  
  1  5:30  Drone  
  1  5:32  Drone  
  2  6:11  Drone  
  3  6:43  Drone  
  4  6:56  Drone  
  5  7:09  Drone  
  6  7:27  Drone  
  7  7:51  Drone x3  
  10  7:55  Drone  
  11  8:02  Drone  
  12  8:08  Drone  
  13  8:17  Drone  
  13  8:19  Drone  
Show
View Real Time Build Order
Export as new Build Order

SHreddedWInd Protoss 

Build Orders:  

Get SALT Encoding   

  12  0:01  Probe (Chrono Boost)  
  13  0:11  Probe (Chrono Boost)  
  14  0:22  Probe (Chrono Boost)  
  14  0:25  Pylon  
  15  0:43  Gateway, Probe (Chrono Boost)  
  15  0:45  Assimilator  
  16  0:54  Probe (Chrono Boost)  
  17  1:04  Probe (Chrono Boost)  
  18  1:15  Probe (Chrono Boost)  
  19  1:21  Pylon  
  20  1:25  Probe (Chrono Boost)  
  20  1:30  Cybernetics Core  
  20  1:34  Assimilator  
  20  1:36  Probe (Chrono Boost)  
  21  1:46  Probe (Chrono Boost)  
  22  1:48  Zealot (Chrono Boost)  
  24  1:58  Probe  
  25  2:06  Warp Gate  
  25  2:11  Mothership Core (Chrono Boost)  
  25  2:13  Stalker (Chrono Boost)  
  28  2:47  Stalker (Chrono Boost)  
  28  2:50  Probe  
  29  3:02  Probe  
  30  3:11  Gateway  
  28  3:14  Stalker (Chrono Boost)  
  28  3:16  Nexus  
  30  3:47  Pylon  
  30  3:54  Probe  
  31  4:00  Gateway x2  
  31  4:06  Stalker (Chrono Boost), Probe  
  34  4:18  Probe  
  35  4:27  Probe (Chrono Boost)  
  35  4:30  Probe (Chrono Boost)  
  37  4:39  Probe (Chrono Boost)  
  37  4:41  Forge  
  37  4:42  Robotics Facility  
  37  4:44  Stargate  
  38  4:49  Gateway  
  38  4:57  Gateway  
  38  4:59  Probe (Chrono Boost)  
  39  5:01  Probe (Chrono Boost)  
  40  5:22  Probe (Chrono Boost)  
  40  5:23  Protoss Ground Weapons Level 1 (Chrono Boost)  
  40  5:25  Probe  
  42  5:29  Immortal  
  42  5:33  Probe  
  47  5:35  Void Ray  
  47  5:37  Probe  
  45  5:49  Sentry x2  
  48  5:50  Sentry x2  
  37  6:23  Probe  
  38  6:32  Nexus  
  37  6:35  Probe (Chrono Boost)  
  34  6:47  Probe (Chrono Boost)  
  34  6:52  Void Ray (Chrono Boost)  
  39  7:05  Pylon  
  39  7:16  Probe  
  39  7:21  Stalker  
  36  7:31  Stalker  
  36  7:32  Stalker x2  
Show
View Real Time Build Order
Export as new Build Order

Myhome Terran 

Build Orders: MMM Bio 

Get SALT Encoding   

  12  0:01  SCV  
  13  0:13  SCV  
  14  0:19  Supply Depot  
  14  0:25  SCV  
  15  0:41  SCV  
  16  0:43  Barracks  
  16  0:50  Refinery  
  16  0:53  SCV  
  17  1:07  SCV  
  18  1:20  SCV  
  19  1:35  Barracks Reactor  
  19  1:36  Orbital Command  
  19  2:01  SCV  
  20  2:12  Command Center  
  20  2:13  SCV  
  20  2:15  Marine x2  
  23  2:20  Barracks  
  23  2:33  SCV  
  23  2:37  Supply Depot, Bunker  
  23  2:58  SCV, Marine x2  
  23  2:59  Barracks  
  26  3:10  Marine  
  26  3:11  SCV  
  28  3:14  Refinery  
  28  3:16  Marine x2  
  30  3:22  Factory  
  30  3:23  SCV  
  31  3:28  Marine  
  32  3:34  Marine  
  33  3:46  Orbital Command  
  33  3:47  Marine x3  
  29  4:17  Marine x2  
  29  4:18  Marine x2  
  33  4:27  Orbital Command  
  33  4:32  Factory Tech Lab  
  33  4:35  Marine x2  
  33  4:37  Barracks Reactor  
  33  4:38  Barracks Tech Lab  
  35  4:40  SCV  
  36  4:46  Starport  
  36  4:50  Engineering Bay  
  36  4:53  Marine  
  36  4:56  Marine x2  
  36  4:57  SCV x2  
  41  5:02  Stimpack  
  41  5:09  SCV  
  41  5:12  Marine  
  43  5:14  Marine  
  44  5:23  Missile Turret  
  44  5:24  SCV x2, Missile Turret  
  46  5:45  Supply Depot  
  46  5:48  Supply Depot  
  46  6:02  Terran Infantry Weapons Level 1  
  46  6:06  SCV x2, Marine x5  
  46  6:09  Medivac  
  55  6:24  Marine x2  
  56  6:26  Marine  
  56  6:27  Marine x2  
  56  6:28  SCV x2  
  61  6:42  Marine  
  61  6:43  Barracks  
  61  6:44  Barracks  
  62  6:49  Barracks  
  62  6:55  Supply Depot  
  62  6:56  Supply Depot  
  62  7:00  Supply Depot  
  62  7:02  Combat Shields  
  62  7:16  Marine x3  
  62  7:17  Reaper, Medivac, Marine, SCV x2  
  71  7:34  Marine x2  
  71  7:35  Reaper, Marine  
  75  7:47  Medivac  
  76  8:11  Marine x3  
Show
View Real Time Build Order
Export as new Build Order

NightGamer Zerg 

Build Orders: Pool First 

Get SALT Encoding   

  12  0:01  Drone  
  13  0:08  Drone  
  13  0:13  Extractor  
  13  0:20  Drone  
  14  0:36  Spawning Pool  
  14  0:40  Drone  
  14  0:53  Overlord  
  14  1:23  Zergling x6  
  17  1:26  Metabolic Boost  
  17  1:37  Spine Crawler  
  16  1:44  Spine Crawler  
  16  1:46  Zergling x2  
  16  1:51  Zergling x2  
  17  1:57  Zergling x2  
  18  2:07  Zergling x2  
  19  2:16  Queen  
  19  2:22  Overlord  
  21  2:32  Zergling x2  
  22  2:43  Zergling x2  
  22  2:55  Zergling x2  
  23  3:08  Zergling x2  
  23  3:14  Overlord  
  22  3:28  Drone  
  18  3:41  Drone  
  18  3:46  Hatchery, Drone  
  18  3:48  Drone x3  
  20  3:58  Spine Crawler, Drone  
  20  4:15  Drone  
  20  4:20  Drone  
  20  4:23  Spore Crawler  
  20  4:24  Drone  
  20  4:25  Drone x2  
  23  4:31  Extractor  
  23  4:33  Drone  
  23  4:44  Drone  
  24  4:53  Drone  
  24  4:58  Drone x2  
  27  5:00  Drone  
  28  5:11  Drone  
  29  5:15  Drone  
  29  5:19  Extractor  
  29  5:20  Extractor, Drone  
  29  5:21  Drone  
  29  5:25  Drone  
  31  5:31  Lair  
  31  5:37  Spore Crawler  
  31  5:41  Spine Crawler  
  31  5:42  Drone  
  30  5:44  Drone  
  30  5:46  Drone  
  30  5:48  Drone  
  33  5:51  Drone  
  33  5:53  Drone  
  36  5:57  Drone x2  
  36  5:59  Drone  
  36  6:02  Drone  
  39  6:04  Drone  
  39  6:06  Drone  
  41  6:13  Drone x2  
  43  6:22  Drone  
  44  6:28  Overlord  
  44  6:38  Overlord x2, Spire  
  43  6:44  Drone  
  43  6:46  Queen  
  46  6:56  Overlord  
  46  6:58  Overlord  
  46  7:14  Overlord x2  
  46  7:16  Hatchery  
  46  7:18  Overlord  
  45  7:36  Hatchery  
  44  7:50  Mutalisk x8  
  44  7:51  Mutalisk  
  60  7:54  Overseer  
  62  8:00  Mutalisk x2  
  62  8:02  Mutalisk  
  68  8:06  Overseer  
Show
View Real Time Build Order
Export as new Build Order

Peril Protoss 

Build Orders: Oracle Opening 

Get SALT Encoding   

  12  0:01  Probe (Chrono Boost)  
  13  0:11  Probe (Chrono Boost)  
  14  0:22  Pylon, Probe (Chrono Boost)  
  15  0:40  Probe (Chrono Boost)  
  15  0:42  Gateway  
  16  0:46  Assimilator  
  16  0:51  Probe (Chrono Boost)  
  17  1:02  Assimilator, Probe (Chrono Boost)  
  18  1:13  Probe (Chrono Boost)  
  19  1:24  Probe (Chrono Boost)  
  20  1:30  Cybernetics Core  
  20  1:35  Probe (Chrono Boost)  
  20  1:39  Pylon  
  21  1:47  Probe (Chrono Boost)  
  22  2:01  Nexus  
  22  2:10  Stargate  
  22  2:18  Mothership Core (Chrono Boost)  
  24  2:41  Probe (Chrono Boost)  
  25  2:55  Nexus  
  25  2:58  Oracle (Chrono Boost)  
  25  3:02  Probe  
  29  3:11  Probe  
  29  3:16  Probe  
  31  3:23  Pylon  
  31  3:30  Forge  
  31  3:36  Oracle (Chrono Boost)  
  31  3:39  Probe  
  35  3:46  Probe  
  36  3:51  Probe  
  37  4:20  Probe  
  38  4:24  Pylon  
  38  4:27  Assimilator  
  38  4:31  Assimilator  
  38  4:33  Probe  
  38  4:35  Fleet Beacon  
  38  4:37  Stargate x2  
  39  4:45  Probe  
  40  4:57  Probe  
  41  5:20  Probe  
  38  5:27  Carrier (Chrono Boost)  
  45  5:31  Probe  
  46  5:36  Photon Cannon, Probe  
  46  5:38  Photon Cannon  
  47  5:42  Photon Cannon  
  47  5:43  Probe  
  47  5:46  Probe  
  47  5:48  Photon Cannon  
  49  5:51  Photon Cannon  
  49  5:54  Photon Cannon  
  49  5:57  Probe  
  50  6:07  Assimilator, Probe  
  51  6:12  Assimilator  
  51  6:15  Pylon  
  51  6:18  Probe  
  52  6:46  Carrier (Chrono Boost)  
  70  6:47  Probe  
  70  6:49  Probe  
  72  6:57  Carrier x2 (Chrono Boost)  
  72  6:58  Probe  
  72  7:00  Probe  
  74  7:11  Probe  
  75  7:33  Probe  
  76  7:43  Probe  
  76  7:45  Probe  
  76  7:46  Stargate  
  76  7:48  Pylon  
  78  7:54  Probe  
  78  7:56  Probe  
  80  8:02  Cybernetics Core  
  80  8:03  Pylon  
Show
View Real Time Build Order
Export as new Build Order

llllllllllll Terran 

Build Orders: Reaper Expand, MMM Bio 

Get SALT Encoding   

  12  0:03  SCV  
  13  0:15  SCV  
  13  0:20  Supply Depot  
  14  0:27  SCV  
  15  0:42  SCV  
  16  0:43  Barracks  
  16  0:47  Refinery  
  16  0:54  SCV  
  17  1:06  SCV  
  18  1:18  SCV  
  19  1:30  Reaper  
  19  1:32  Orbital Command  
  20  1:47  Command Center  
  20  1:57  Barracks  
  20  2:00  SCV  
  21  2:05  Barracks Reactor  
  21  2:11  Supply Depot  
  21  2:14  SCV  
  22  2:20  Refinery  
  22  2:26  SCV  
  23  2:35  Factory  
  23  2:38  SCV  
  24  2:44  Marine x2  
  24  2:45  Barracks Tech Lab  
  27  2:51  SCV  
  27  3:02  Marine x2  
  27  3:03  SCV  
  27  3:04  Orbital Command  
  30  3:11  Marine  
  31  3:15  SCV  
  31  3:19  Stimpack  
  32  3:20  Marine  
  33  3:27  SCV  
  33  3:29  Starport  
  33  3:30  Factory Reactor  
  33  3:32  SCV  
  35  3:34  Marine x2  
  37  3:42  Marine  
  37  3:43  SCV  
  37  3:47  SCV  
  39  3:52  Engineering Bay  
  39  3:55  SCV  
  40  3:57  Supply Depot, Marine  
  40  3:59  SCV, Marine  
  43  4:07  SCV  
  44  4:11  Marine  
  44  4:12  SCV  
  44  4:13  Supply Depot  
  46  4:19  SCV  
  46  4:21  Medivac  
  46  4:22  Medivac  
  46  4:23  Terran Infantry Weapons Level 1  
  51  4:26  SCV  
  52  4:31  SCV  
  52  4:32  Missile Turret  
  52  4:33  Marine  
  52  4:35  Marine  
  52  4:38  Supply Depot, SCV  
  56  4:42  Missile Turret  
  56  4:44  Marine  
  57  4:47  Widow Mine  
  57  4:51  SCV, Marine  
  57  4:52  Marine  
  62  5:00  SCV  
  62  5:02  Marine  
  62  5:03  Medivac, SCV  
  67  5:08  Marine  
  67  5:11  Refinery  
  67  5:12  SCV  
  69  5:14  Supply Depot  
  69  5:15  Marine  
  69  5:16  Supply Depot  
  70  5:22  Combat Shields  
  70  5:33  Factory Reactor  
  70  5:36  SCV x2, Marine x3  
  70  5:42  Command Center  
  75  5:48  SCV x2  
  77  5:53  Marine x3  
  80  6:00  SCV  
  80  6:01  Barracks  
  81  6:05  SCV  
  81  6:08  Starport Reactor  
  79  6:11  Marine x2  
  79  6:12  Barracks, SCV  
  80  6:21  Terran Infantry Armor Level 1, SCV  
  80  6:24  SCV  
  80  6:26  Armory, Marine  
  80  6:27  Engineering Bay  
  80  6:29  Marine  
  80  6:31  Refinery  
  82  6:33  SCV  
  82  6:35  Factory Tech Lab  
  82  6:36  SCV  
  84  6:41  Marine  
  84  6:44  Marine  
  86  6:52  Supply Depot  
  86  6:53  Supply Depot x2  
  86  6:54  Medivac x2, SCV x2, Marine  
  93  6:56  Missile Turret  
  93  6:58  Supply Depot, Marine x2  
  93  6:59  Marine  
  96  7:02  Marine, Orbital Command  
  96  7:06  SCV  
  98  7:11  Marine  
  99  7:15  Marine x3  
  99  7:16  Marine  
  99  7:17  Marine, Siege Tank  
  99  7:19  Marine  
  108  7:23  SCV  
  108  7:24  SCV  
  108  7:29  Marine, SCV  
  112  7:33  Marine  
  112  7:35  SCV  
  112  7:36  SCV  
  115  7:41  SCV  
  115  7:44  Marine  
  115  7:45  Medivac, Marine x3  
  115  7:46  Medivac  
  115  7:51  SCV x2  
  123  7:53  SCV, Marine x3  
  123  7:54  Siege Tank  
  123  7:56  Refinery  
  130  8:02  Marine  
  130  8:03  SCV x2  
  133  8:13  Supply Depot  
  133  8:14  Supply Depot  
  133  8:18  Supply Depot  
  133  8:32  Refinery  
Tags
 
Add a new tag
Caveats
  • Supply blocks, unpowered buildings, or Contaminate may cause inaccurate times.
  • Supply counts are checked every 10 seconds.